 Dungeon Crawl Stone Soup version 0.29-a0-468-ge57f7f99b4 (webtiles) character file.

Game seed: 1061522129496980140

3880 greenreed the Spear-Bearer (level 10, -5/88 HPs)
             Began as a Hill Orc Fighter on May 21, 2022.
             Was a Believer of Beogh.
             Slain by Erica
             ... wielding a +3 scimitar of flaming
              (7 damage)
             ... on level 8 of the Dungeon.
             The game lasted 00:25:14 (10710 turns).

greenreed the Spear-Bearer (Hill Orc Fighter)      Turns: 10710, Time: 00:25:14

Health: -5/88      AC: 12    Str: 24    XL:     10   Next: 19%
Magic:  10/10      EV: 13    Int:  8    God:    Beogh [**....]
Gold:   488        SH: 11    Dex: 10    Spells: 9/9 levels left

rFire   . . .      SeeInvis .   a - +0 trident
rCold   . . .      Faith    +   j - +2 kite shield
rNeg    . . .      Spirit   .   b - +0 scale mail
rPois   .          Reflect  .   F - +0 helmet
rElec   .          Harm     .   r - +0 cloak
rCorr   .          Rampage  .   x - +0 pair of gloves
Will    .....                   (no boots)
Stlth   ..........              p - amulet of faith
HPRegen 0.24/turn               o - +4 ring of evasion
MPRegen 0.12/turn               (no ring)

@: lethally poisoned (-5 -> -15), invisible
A: no striking features
a: Renounce Religion, Smiting


You were on level 8 of the Dungeon.
You worshipped Beogh.
Beogh was pleased with you.
You visited 2 branches of the dungeon, and saw 9 of its levels.

You collected 488 gold pieces.

Inventory:

Hand Weapons
 a - a +0 trident (weapon)
Missiles
 y - 9 poisoned darts (quivered)
Armour
 b - a +0 scale mail (worn)
 c - a +0 buckler
 j - a +2 kite shield (worn)
 r - a +0 cloak (worn)
 x - a +0 pair of gloves (worn)
 F - a +0 helmet (worn)
Jewellery
 o - a +4 ring of evasion (left hand)
 p - an amulet of faith (around neck)
 I - an amulet of magic regeneration
Wands
 i - a wand of mindburst (6)
 E - a wand of paralysis (9)
 H - a wand of iceblast (8)
 K - a wand of flame (29)
Scrolls
 e - 4 scrolls of teleportation
 k - 2 scrolls of poison
 m - 2 scrolls of fear {unknown}
 n - a scroll of torment {unknown}
 s - a scroll of amnesia {unknown}
 v - a scroll of noise {unknown}
 w - 2 scrolls of enchant armour
 A - 3 scrolls of vulnerability
 C - 2 scrolls of blinking {unknown}
 D - a scroll of magic mapping {unknown}
 J - a scroll of summoning {unknown}
 L - a scroll of fog {unknown}
Potions
 d - a potion of might
 f - 2 potions of haste
 h - 2 potions of resistance {unknown}
 l - a potion of curing {unknown}
 q - a potion of ambrosia {unknown}
 t - 4 potions of degeneration
 u - a potion of berserk rage {unknown}
 z - 2 potions of mutation
 B - 3 potions of lignification
 G - a potion of cancellation {unknown}


   Skills:
 + Level 7.7 Fighting
 + Level 9.6 Polearms
 + Level 0.6 Throwing
 + Level 7.9 Armour
 + Level 2.9 Dodging
 + Level 2.1 Stealth
 + Level 7.2 Shields
 + Level 1.0 Evocations


You had 9 spell levels left.
You didn't know any spells.
Your spell library contained the following spells:

 Spells                   Type           Power      Damage    Failure   Level
 Ensorcelled Hibernation  Hex/Ice        0%         N/A       98%         2
 Passwall                 Tmut/Erth      0%         N/A       98%         2
 Swiftness                Air            0%         N/A       100%        3


Dungeon Overview and Level Annotations

Branches:
Dungeon (8/15)             Temple (1/1) D:7
   Lair: D:8-11

Altars:
Ashenzari
Cheibriados
Dithmenos
Elyvilon
Fedhas
Gozag
Makhleb
Okawaru
Sif Muna
Uskayaw
Vehumet
Wu Jian
Xom
Yredelemnul
Zin

Shops:
D:1 =

Annotations:
D:5 1 runed translucent door, Crazy Yiuf
D:7 3 runed translucent doors, happo123's ghost, novice TrBe
D:8 Erica


Message History

You block Erica's attack.
You barely miss Erica.
Erica is moderately wounded.
You block Erica's attack.
You barely miss Erica.
Erica is moderately wounded.
Erica screams, "Do you want it fast or slow?!"
Erica hits you with a +3 scimitar of flaming!
Erica burns you.
You puncture Erica!
Erica is heavily wounded.
Erica hits you with a +3 scimitar of flaming!
Erica burns you.
You puncture Erica!
Erica is severely wounded.
Erica hits you with a +3 scimitar of flaming.
Erica burns you.
You barely miss Erica.
Erica is severely wounded.
Erica gestures at you while chanting. You resist with significant effort.
You hit Erica.
Erica is severely wounded.
Erica gestures wildly while chanting.
Erica flickers and vanishes!
Deactivating autopickup; reactivate with Ctrl-A.
You barely miss something. Something hits you! Something burns you.
You closely miss something. Something hits you! Something burns you.
You barely miss something.
You hear some strange, mumbled words.
A bolt of poison appears from out of thin air!
The bolt of poison hits you!
You are poisoned.
* * * LOW HITPOINT WARNING * * *
You fade into invisibility!
You feel very sick. Something hits you!
* * * LOW HITPOINT WARNING * * *
Something burns you!
You die...

#.# ####.###....
#.#####...# #...
######.#.....### ##.#
#............####...#
.............##...#.#
................###.###
......................#
........{.....####.##.##
.......@......# #.##.>.
..............# ##.#####
............†####..#####
#.....#........#........
#########.........###...
#........## #...
#......### #... #......#
#... ######## #...


There were no monsters in sight!

Vanquished Creatures
  Pikel (Temple)
  Maggie (D:7)
  Grinder (D:6)
  Sigmund (D:5)
  Menkaure (D:5)
  3 water moccasins
  An ice beast (D:5)
  2 orc warriors
  A sky beast (D:6)
  3 black bears
  3 ogres
  A centaur (D:5)
  A lemure (D:6)
  2 bullfrogs
  2 necrophages
  A gnoll sergeant (D:6)
  4 scorpions
  2 howler monkeys (D:8)
  3 jellies
  4 orc priests
  2 gnoll shamans
  2 hounds (D:6)
  An iguana (D:5)
  8 orc wizards
  10 gnolls
  8 adders
  3 shadow imps
  3 dart slugs
  2 worms
  17 orcs
  4 bats
  4 endoplasms
  3 goblins
  6 hobgoblins
  4 jackals (D:1)
  5 kobolds
  3 quokkas
  A ball python (D:2)
  2 frilled lizards (D:1)
  4 rats
130 creatures vanquished.

Notes
Turn   | Place    | Note
-------+----------+-------------------------------------------
     0 | D:1      | greenreed the Hill Orc Fighter began the quest for the Orb.
     0 | D:1      | Reached XP level 1. HP: 19/19 MP: 1/1
   117 | D:1      | Found Naloac's Jewellery Boutique.
   274 | D:1      | Reached XP level 2. HP: 26/27 MP: 2/2
   495 | D:1      | You fall into a shaft and drop 1 floor!
   914 | D:1      | Reached XP level 3. HP: 33/33 MP: 3/3
  1083 | D:2      | Reached skill level 3 in Polearms
  1358 | D:2      | Reached XP level 4. HP: 39/40 MP: 4/4
  1363 | D:2      | Found a shimmering altar of Xom.
  1748 | D:2      | Found a faded altar of an unknown god.
  3056 | D:3      | Reached XP level 5. HP: 35/46 MP: 5/5
  3271 | D:3      | Reached skill level 4 in Polearms
  3464 | D:4      | Noticed an ogre
  3743 | D:4      | Reached skill level 1 in Dodging
  4017 | D:4      | Killed an ogre
  4018 | D:4      | Reached XP level 6. HP: 39/53 MP: 6/6
  4031 | D:4      | Became a worshipper of Beogh the Brigand
  4252 | D:5      | Entered Level 5 of the Dungeon
  4265 | D:5      | Noticed a black bear
  4279 | D:5      | Killed a black bear
  4280 | D:5      | Reached skill level 5 in Polearms
  4393 | D:5      | Reached XP level 7. HP: 37/60 MP: 7/7
  4649 | D:5      | Reached skill level 5 in Armour
  4671 | D:5      | Reached skill level 5 in Fighting
  4845 | D:5      | Noticed Sigmund
  5113 | D:5      | Noticed Menkaure
  5511 | D:5      | Found a runed translucent door.
  5512 | D:5      | Noticed Crazy Yiuf
  5621 | D:5      | Killed Menkaure
  5622 | D:5      | Reached skill level 6 in Polearms
  5622 | D:5      | Reached skill level 1 in Stealth
  5694 | D:5      | Killed Sigmund
  5695 | D:5      | Reached XP level 8. HP: 69/69 MP: 8/8
  6523 | D:5      | Reached skill level 5 in Shields
  6649 | D:6      | Noticed Grinder
  6669 | D:5      | Reached skill level 7 in Polearms
  6682 | D:5      | Reached skill level 1 in Evocations
  6703 | D:6      | Paralysed by Grinder for 3 turns
  6727 | D:6      | Killed Grinder
  6962 | D:6      | Found a burning altar of Makhleb.
  6969 | D:6      | Reached * piety under Beogh
  7038 | D:5      | Reached XP level 9. HP: 74/75 MP: 9/9
  7281 | D:6      | Reached skill level 8 in Polearms
  8387 | D:8      | Noticed Erica
  9042 | D:7      | Reached ** piety under Beogh
  9092 | D:7      | Noticed Maggie
  9129 | D:7      | Killed Maggie
  9137 | D:7      | Noticed Pikel
  9451 | D:7      | Found a runed translucent gate.
  9684 | D:7      | Noticed happo123's ghost (novice TrBe)
  9685 | D:7      | Found a runed translucent gate.
  9685 | D:7      | Noticed a kobold demonologist
  9686 | D:7      | Found a runed translucent gate.
  9716 | D:7      | Reached skill level 9 in Polearms
  9985 | D:7      | Found a staircase to the Ecumenical Temple.
 10026 | Temple   | Entered the Ecumenical Temple
 10029 | Temple   | Reached XP level 10. HP: 76/86 MP: 10/10
 10080 | Temple   | Killed Pikel
 10710 | D:8      | HP: 2/88 [something (14)]
 10710 | D:8      | Slain by Erica

Illustrated notes

Levels and vault maps discovered:
D:1:      dpeg_arrival_chambers_temple_mockup, layout_loops_ring, serial_shops,
          shop
D:2:      layout_basic, dilly_ecumenical_altar_fadedgnrine, basic_altar,
          kennysheep_generic_room_9
D:3:      layout_basic, serial_bayou_ford_a, bh_walls_and_bars
D:4:      layout_cave_pools
D:5:      layout_loops_ring, uniq_menkaure, uniq_sigmund,
          uniq_crazy_yiuf_cottage
D:6:      layout_basic, makhleb_blood_cavern_becter, grunt_decor_arrowhead,
          uniq_grinder
D:7:      layout_loops_ring, lemuel_temple_firewalk_b,
          gammafunk_ghost_nasty_kobolds, uniq_maggie, uniq_pikel
D:8:      layout_rooms, david_lair_shrubbed, eino_small_chamber_without_monster,
          uniq_erica
Temple:   dpeg_three_leaves_temple

Skill      XL: |  1  2  3  4  5  6  7  8  9 10 |
---------------+-------------------------------+-----
Fighting       | 4 5 7 |  7.7
Polearms       | 3 4 5 6 7 9 |  9.6
Armour         | 4 6 7 |  7.9
Dodging        | 1 2 |  2.9
Shields        | 4 5 6 7 |  7.2
Stealth        | 1 2 |  2.1
Evocations     | 1 |  1.0
Throwing       | |  0.6

Action                   |  1- 3 |  4- 6 |  7- 9 | 10-12 || total
-------------------------+-------+-------+-------+-------++-------
Melee: Trident           |   110 |   163 |   463 |    37 ||   773
Throw: Dart              |       |     4 |     1 |       ||     5
Invok: Convert to Beogh  |       |     1 |       |       ||     1
Evoke: Wand              |       |       |     4 |       ||     4
  Use: Scroll            |       |       |     7 |     1 ||     8
       Potion            |       |       |     5 |     1 ||     6
 Stab: Paralysed         |       |       |     3 |       ||     3
Armor: Scale mail        |    38 |    55 |   102 |     7 ||   202
Dodge: Dodged            |    50 |    72 |   170 |     4 ||   296
Block: Buckler           |    24 |    12 |       |       ||    36
       Kite shield       |       |    15 |   218 |     9 ||   242

Table legend: (Time is in decaauts)
 A = Elapsed time spent in this place.
 B = Non-inter-level travel time spent in this place.
 C = Inter-level travel time spent in this place.
 D = Time resting spent in this place.
 E = Time spent auto-exploring this place.
 F = Levels seen in this place.
 G = Mean time per level.
                   A        B        C        D        E       F      G
               +--------+--------+--------+--------+--------+-----+--------+
         Total |  10787 |  10207 |    580 |   1929 |   6408 |   9 | 1198.6 |
       Dungeon |  10731 |  10151 |    580 |   1891 |   6408 |   8 | 1341.4 |
        Temple |     56 |     56 |      0 |     38 |      0 |   1 |   56.0 |
               +--------+--------+--------+--------+--------+-----+--------+

Top non-repeatable levels by time:
     D:6: 2312 daAuts
     D:5: 1984 daAuts
     D:7: 1598 daAuts
     D:3: 1322 daAuts
     D:4: 1189 daAuts
     D:2: 1138 daAuts
     D:1: 1037 daAuts
     D:8: 146 daAuts
  Temple: 56 daAuts
